Map: Orbital Shipyard

Players

Finn - Winner!

  • Race: Terran Terran
  • League: Master

xKawaiian

  • Race: Terran Terran
  • League: Master

VOD

Have the link to the VOD?

Description

Time

  • Played on: Jan. 15, 2016, 5:15 p.m.
  • Length: 1:21
Show
View Real Time Build Order
Export as new Build Order

Finn Terran - Winner!

Build Orders:  

Get SALT Encoding   

  12  0:01  SCV  
  13  0:13  SCV  
  14  0:17  Supply Depot  
  14  0:25  SCV  
  15  0:39  SCV  
  16  0:42  Barracks  
  16  0:51  SCV  
  17  1:03  SCV  
  18  1:16  Command Center  
Show
View Real Time Build Order
Export as new Build Order

xKawaiian Terran 

Build Orders:  

Get SALT Encoding   

  12  0:00  SCV  
  13  0:13  SCV  
  14  0:17  Supply Depot  
  14  0:25  SCV  
  15  0:39  SCV  
  16  0:45  Barracks  
  16  0:50  Refinery  
  16  0:51  SCV  
  17  1:03  SCV  
Tags
 
Add a new tag
Caveats
  • Supply blocks, unpowered buildings, or Contaminate may cause inaccurate times.
  • Supply counts are checked every 10 seconds.